 Dungeon Crawl Stone Soup version 0.29.1-1-gd02db6906a (webtiles) character file.

Game seed: 12779739122768295477

11 nicanaca0 the Ruffian (level 2, 27/27 HPs)
             Began as a Troll Gladiator on Oct 7, 2022.
             Quit the game on level 1 of the Dungeon on Oct 10, 2022.
             The game lasted 00:01:04 (68 turns).

nicanaca0 the Ruffian (Troll Gladiator)               Turns: 68, Time: 00:01:04

Health: 27/27      AC:  4    Str: 21    XL:     2   Next: 17%
Magic:  1/1        EV: 10    Int:  4    God:
Gold:   0          SH:  0    Dex: 11    Spells: 1/1 levels left

rFire   . . .      SeeInvis .     - Unarmed
rCold   . . .      Faith    .   (no shield)
rNeg    . . .      Spirit   .   a - +0 robe
rPois   .          Reflect  .   b - +0 hat
rElec   .          Harm     .   (no cloak)
rCorr   .          Rampage  .   (gloves unavailable)
Will    .....                   (boots unavailable)
Stlth   +.........              (no amulet)
HPRegen 0.89/turn               (no ring)
MPRegen 0.07/turn               (no ring)

@: no status effects
A: large, unfitting armour, claws 3, regeneration 1, shaggy fur 1, tough skin 1
a: no special abilities


You were on level 1 of the Dungeon.
You visited 1 branch of the dungeon, and saw 1 of its levels.

Inventory:

Missiles
 c - 3 throwing nets (quivered)
 d - a large rock
Armour
 a - a +0 robe (worn)
 b - a +0 hat (worn)
Scrolls
 f - a scroll of magic mapping {unknown}
Potions
 e - a potion of curing {unknown}
 g - a potion of heal wounds {unknown}


   Skills:
 - Level 1.5 Fighting
 - Level 1.7 Throwing
 - Level 2.4 Dodging
 * Level 3.7 Unarmed Combat


You had one spell level left.
You didn't know any spells.
Your spell library was empty.

Dungeon Overview and Level Annotations

Branches:
Dungeon (1/15)

Altars:


Innate Abilities, Weirdness & Mutations

You are too large for most types of armour.
You have claws for hands.
Your natural rate of healing is unusually fast.
You are covered in fur. (AC +1)
You have tough skin. (AC +1)


Message History

There are monsters nearby!
You barely miss the hobgoblin.
The hobgoblin hits you but does no damage.
There are monsters nearby!
You completely miss the hobgoblin. The hobgoblin hits you.
There are monsters nearby!
You closely miss the hobgoblin. The hobgoblin hits you.
There are monsters nearby!
You scratch the hobgoblin.
The hobgoblin is moderately wounded.
The hobgoblin hits you but does no damage.
There are monsters nearby!
You scratch the hobgoblin.
You kill the hobgoblin!
The goblin hits you but does no damage.
You have reached level 2!
You miss the goblin. The goblin barely misses you.
A goblin is nearby!
You claw the goblin!
You kill the goblin!
An endoplasm comes into view.
Found a stone staircase leading down.
The endoplasm quivers.
An endoplasm is nearby!
An endoplasm is nearby!
Found a white potion.
An endoplasm is nearby!
You barely miss the endoplasm.
An endoplasm is nearby!
An endoplasm is nearby!
You claw the endoplasm!
You kill the endoplasm!
f - a scroll labelled JYIK FO TEMM No target in view!
g - a white potion Options error: Delay interrupt name "hungry" not recognised. (~/.crawlrc:102) Welcome back, nicanaca0 the Troll Gladiator.
Press ? for a list of commands and other information.
Autopickup is now off.
Are you sure you want to abandon this character and quit the game? (Confirm with "yes".)

#..........###.......
##..................).
.....................
#..........##.......
#.........###.#.....
#..............####.
#..............# #.
#..............# #.
#..@..####.....# #.
......##..# #.....# #.
##### .......#.....#
## ...$....#.....#
#........#.....#
#........#.....#
#........#...>.#
#........#######


There were no monsters in sight!

Vanquished Creatures
  2 endoplasms (D:1)
  A goblin (D:1)
  A hobgoblin (D:1)
  4 jackals (D:1)
  A rat (D:1)
9 creatures vanquished.

Notes
Turn   | Place    | Note
-------+----------+-------------------------------------------
     0 | D:1      | nicanaca0 the Troll Gladiator began the quest for the Orb.
     0 | D:1      | Reached XP level 1. HP: 19/19 MP: 0/0
    39 | D:1      | Reached XP level 2. HP: 27/27 MP: 1/1
    68 | D:1      | Quit the game

Illustrated notes

Levels and vault maps discovered:
D:1:      eino_arrival_druids_welcome, layout_rooms

Action                   || total
-------------------------++-------
Melee: Unarmed           ||    19
Armor: Robe              ||     6
Dodge: Dodged            ||     6
